Map: [ESL] Royal Blood

Players

Cure

  • Race: Terran Terran
  • Spawn Location: 1:00

GuMiho - Winner!

  • Race: Terran Terran
  • Spawn Location: 7:00

Event: ESL SC2 Masters 2023 Summer (Finals)

VOD

Have the link to the VOD?

Description

Time

  • Played on: June 18, 2023, 7:25 a.m.
  • Length: 4:15

All games in this series

Show
View Real Time Build Order
Export as new Build Order

Cure Terran 

Build Orders:  

Get SALT Encoding   

  12  0:00  SCV  
  13  0:12  SCV  
  14  0:17  Supply Depot  
  14  0:24  SCV  
  15  0:38  SCV  
  15  0:39  Barracks  
  15  0:42  Refinery  
  16  0:50  SCV  
  16  0:52  Refinery  
  17  1:02  SCV  
  18  1:15  SCV  
  19  1:25  Reaper  
  19  1:27  Orbital Command  
  19  1:29  Supply Depot  
  20  1:40  Factory  
  20  1:52  SCV  
  21  1:58  Reaper  
  22  2:04  SCV  
  23  2:16  SCV  
  24  2:29  SCV, Marine  
  24  2:33  Hellion  
  27  2:39  Supply Depot  
  27  2:42  SCV  
  28  2:47  Marine  
  29  2:54  Hellion  
  29  2:56  SCV  
  30  3:06  Marine  
  30  3:10  SCV  
  32  3:19  Hellion  
  31  3:22  SCV  
  31  3:25  Marine  
  29  3:34  SCV  
  29  3:36  Command Center  
  30  3:43  Supply Depot  
  30  3:44  Marine  
  31  3:56  SCV  
  31  3:58  Starport  
Show
View Real Time Build Order
Export as new Build Order

GuMiho Terran - Winner!

Build Orders:  

Get SALT Encoding   

  12  0:00  SCV  
  13  0:12  SCV  
  14  0:16  Supply Depot  
  14  0:24  SCV  
  15  0:40  Barracks  
  15  0:42  Refinery  
  15  0:54  Barracks  
  15  0:58  SCV  
  16  1:10  SCV  
  17  1:12  Refinery  
  17  1:23  SCV  
  18  1:27  Reaper  
  19  1:35  Orbital Command  
  19  1:42  Reaper  
  20  1:53  Supply Depot  
  20  1:59  Reaper  
  21  2:02  SCV  
  22  2:14  SCV, Reaper  
  24  2:25  Factory  
  24  2:27  SCV  
  25  2:31  Reaper  
  26  2:39  SCV  
  26  2:43  Supply Depot  
  27  2:46  Reaper  
  28  2:52  SCV  
  29  3:04  SCV  
  30  3:07  Reaper  
  31  3:16  SCV  
  30  3:29  Factory Tech Lab  
  30  3:31  SCV  
  31  3:36  Starport  
  31  3:37  Command Center  
  32  3:41  Reaper  
  36  3:50  Supply Depot  
  36  3:51  SCV  
Tags
 
Add a new tag
Caveats
  • Supply blocks, unpowered buildings, or Contaminate may cause inaccurate times.
  • Supply counts are checked every 10 seconds.